 Dungeon Crawl Stone Soup version 0.30.0-10-gfe55d96785 (webtiles) character file.

Game seed: 1877827703690084217

50126 thromnambular the Warrior (level 14, -9/162 HPs)
             Began as an Ogre Gladiator on May 14, 2023.
             Was a Follower of Uskayaw.
             Mangled by an orc knight
             ... wielding a +0 bardiche
              (21 damage)
             ... on level 2 of the Orcish Mines.
             The game lasted 00:51:16 (18170 turns).

thromnambular the Warrior (Ogre Gladiator)         Turns: 18170, Time: 00:51:16

Health: -9/162     AC:  9    Str: 27    XL:     14   Next: 53%
Magic:  20/20      EV: 13    Int: 10    God:    Uskayaw [*.....]
Gold:   662        SH:  5    Dex: 16    Spells: 11/16 levels left

rFire   + . .        D - +9 battleaxe "Zaoraozu" {distort, rC+ Stlth+}
rCold   + + .        (shield currently unavailable)
rNeg    . . .        i - +0 steam dragon scales of Dyspraxia {Will+ Dex+7}
rPois   .            c - +2 hat
rElec   .            g - scarf "Sigympug" {repulsion, rC+ rCorr}
rCorr   +            (gloves unavailable)
SInv    .            (boots unavailable)
Will    ++...        p - amulet of reflection
Stlth   ++           k - +4 ring of slaying
HPRegen 0.47/turn    l - ring of protection from fire
MPRegen 0.17/turn

%: repel missiles, reflection
@: about to teleport
A: large, unfitting armour, tough skin 1, horns 1, mutation resistance 1, strong
1, inability to read after injury 1
a: Renounce Religion, Stomp


You were on level 2 of the Orcish Mines.
You worshipped Uskayaw.
Uskayaw was aware of your devotion.
You visited 4 branches of the dungeon, and saw 19 of its levels.
You also visited: Ossuary and Volcano.

You collected 2021 gold pieces.
You spent 1359 gold pieces at shops.

Inventory:

Hand Weapons
 a - a +0 flail
 w - a +2 whip of venom
 A - a +4 giant spiked club of freezing
 D - the +9 battleaxe "Zaoraozu" (weapon) {distort, rC+ Stlth+}
   (You bought it in a shop on level 10 of the Dungeon)

   rC:        It protects you from cold.
   Stlth:     It makes you more stealthy.
 E - a +0 giant club
Missiles
 d - 5 throwing nets (quivered)
Armour
 b - a +0 robe
 c - a +2 hat (worn)
 g - the scarf "Sigympug" (worn) {repulsion, rC+ rCorr}
   (You acquired it on level 1 of the Dungeon)

   rC:        It protects you from cold.
   rCorr:     It protects you from acid and corrosion.
 i - the +0 steam dragon scales of Dyspraxia (worn) {Will+ Dex+7}
   (You found it on level 1 of the Lair of Beasts)

   Dex:       It affects your dexterity (+7).
   Will:      It increases your willpower.
 x - a +0 troll leather armour
 I - a +0 cloak
Jewellery
 e - a +6 ring of intelligence
 j - an amulet of magic regeneration
 k - a +4 ring of slaying (left hand)
 l - a ring of protection from fire (right hand)
 n - an amulet of the acrobat
 p - an amulet of reflection (around neck)
 t - a ring of magical power
 C - a ring of flight
 F - a ring of ice
 Q - a ring of magical power
Wands
 y - a wand of paralysis (2)
 J - a wand of polymorph (6)
 M - a wand of flame (2)
Scrolls
 f - 6 scrolls of teleportation
 m - 2 scrolls of amnesia
 o - a scroll of enchant armour
 P - a scroll of fog
 R - 2 scrolls of immolation
Potions
 h - 3 potions of mutation
 r - 2 potions of flight
 s - 3 potions of cancellation
 u - 2 potions of resistance
 v - 3 potions of magic
 z - 2 potions of attraction
 G - a potion of might
 H - a potion of degeneration {unknown}
 K - a potion of brilliance
 N - 2 potions of ambrosia
 O - 2 potions of haste {unknown}


   Skills:
 + Level 16.3 Fighting
 + Level 9.8(12.9) Axes
 - Level 12.5(13.6) Maces & Flails
 - Level 2.0 Throwing
 - Level 7.2 Armour
 + Level 7.5 Dodging
 - Level 1.5 Spellcasting
 + Level 4.3 Hexes
 - Level 8.0 Invocations


You had 11 spell levels left.
You knew the following spells:

 Your Spells              Type           Power      Damage    Failure   Level
a - Lesser Beckoning      Tloc           0%         N/A       45%         2
b - Confusing Touch       Hex            9%         N/A       17%         3

Your spell library contained the following spells:

 Spells                   Type           Power      Damage    Failure   Level
 Kiss of Death            Conj/Necr      0%         2d5       32%         1
 Magic Dart               Conj           0%         1d3       32%         1
 Dazzling Flash           Conj/Hex       10%        N/A       38%         3
 Inner Flame              Hex/Fire       5%         N/A       38%         3
 Call Imp                 Summ           0%         N/A       45%         2
 Cigotuvi's Dreadful Rot  Necr/Pois/Air  0%         N/A       45%         2
 Gell's Gravitas          Tloc           0%         N/A       69%         3
 Mephitic Cloud           Conj/Pois/Air  0%         N/A       69%         3
 Ozocubu's Armour         Ice            0%         N/A       69%         3
 Teleport Other           Tloc           0%         N/A       69%         3
 Dispel Undead            Necr           0%         3d6       97%         4
 Flame Wave               Conj/Fire      0%         2d4       97%         4
 Sticky Flame             Conj/Fire      0%         2d3       97%         4
 Silence                  Hex/Air        2%         N/A       98%         5
 Agony                    Necr           0%         N/A       100%        5
 Death Channel            Necr           0%         N/A       100%        6
 Ozocubu's Refrigeration  Ice            0%         4d7       100%        7


Dungeon Overview and Level Annotations

Branches:
Dungeon (11/15)            Temple (1/1) D:4            Lair (5/5) D:8
  Snake (0/4) Lair:2        Slime (0/5) Lair:4          Orc (2/2) D:10
Ossuary (visited)         Volcano (visited)
  Swamp: Lair:2-3    Shoals: Lair:2-3       Elf: Orc:2

Altars:
Dithmenos
Elyvilon
Fedhas
Kikubaaqudgha
Okawaru
Sif Muna
Uskayaw
Vehumet
Wu Jian
Xom
Yredelemnul
Zin

Shops:
D:1 (   D:9 (   D:10 (   Orc:2 *?

Annotations:
D:5 Blork the orc
Abyss:1 Kirke


Innate Abilities, Weirdness & Mutations

You are too large for most types of armour.
You have tough skin. (AC +1)
You have a pair of small horns on your head.
You are somewhat resistant to further mutation.
Your muscles are strong. (Str +4, Int/Dex -1)
You occasionally lose the ability to read scrolls when taking damage.


Message History

The orc priest shouts!
The orc shouts! x2; You hear a shout! x3
An orc comes into view. It is wielding a +0 flail.
The troll shouts!
The orc wizard shouts! x2
You can no longer pass through a line of other dancers.
Okay, then.
As you read the scroll of teleportation, it crumbles to dust.
You feel strangely unstable.
You hear a shout!
An orc comes into view. It is wielding a +0 whip.
An orc wizard comes into view. It is wielding a +0 dagger.
The orc priest begins to cast a cantrip, but forgets the words!
You block the orc wizard's attack.
An orc comes into view. It is wielding a +0 falchion.
The orc wizard gestures at you while chanting.
The puff of flame misses you.
The orc wizard gestures wildly while chanting.
The orc wizard flickers and vanishes!
Deactivating autopickup; reactivate with Ctrl-A.
The orc attacks as you move away! The orc barely misses you.
The orc priest miscasts a cantrip.
Your surroundings suddenly seem different.
An orc knight comes into view. It is wielding a +0 bardiche.
Things that are here:
a +0 glaive; a +0 plate armour; an orc skeleton
Items here: ))))) [[ ÷.
The orc high priest shouts!
You slash the orc high priest!
Space warps horribly around the orc high priest!
You headbutt the orc high priest!
The orc high priest is heavily wounded.
The orc knight hits you from afar with a +0 bardiche!
* * * LOW HITPOINT WARNING * * *
The orc high priest hits you with a +0 dire flail.
* * * LOW HITPOINT WARNING * * *
Okay, then.
You block the ice devil's attack.
As you read the scroll of teleportation, it crumbles to dust.
You feel strangely unstable. The ice devil closely misses you.
The orc knight hits you from afar with a +0 bardiche!!
You die...

.........<..#.........
#.....................
.#........)...........
<......)..............
##.#..)##....##......
##.)###.....#.....
####..###..........
##.###..###.........
##..@###).###........
##.#)#4###..###.#.....
##).o#...###).###.....#
##...###o).###))###.....
##).)##
##..o###))###...#
##..)## ##....)).)###.##
#...## ##...#....####
#.#.## ##....#)..##
#..)....# ##....)#.∩##


You could see an orc knight, an orc high priest, an ice devil (summoned) and an
orc warrior.

Vanquished Creatures
  Erolcha (Orc:1)
  Harold (Orc:1)
  A death yak (Lair:5)
  3 orc high priests (Orc:2)
  2 skysharks (Lair:5)
  4 orc knights
  A deep elf pyromancer (D:9)
  2 orc sorcerers (Orc:1)
  8 elephants (Lair:3)
  6 black mambas
  6 rime drakes
  A smoke demon (Orc:2)
  11 cane toads
  A torpor snail (Lair:1)
  An unseen horror (D:10)
  2 kobold demonologists
  10 komodo dragons
  3 trolls
  4 polar bears
  3 hornets
  Grinder (D:3)
  9 blink frogs (Lair:1)
  2 dream sheep (Lair:5)
  Sigmund (D:6)
  51 yaks
  12 spriggans (Lair:5)
  2 fire bats (Volcano)
  A wyvern (D:9)
  A wraith (D:10)
  6 hogs (Lair:5)
  4 basilisks
  A steam dragon (D:8)
  A chaos spawn (Orc:2)
  A warg (Orc:1)
  2 nagas (Lair:2)
  7 water moccasins
  A swamp drake (Lair:1)
  An ice beast (D:3)
  7 black bears
  18 orc warriors
  8 ogres
  25 wolves
  3 boggarts (Lair:5)
  2 centaurs (D:8)
  2 elf zombies (Ossuary)
  A gnoll sergeant (D:10)
  11 bullfrogs
  4 scorpions
  12 wights (D:7)
  3 killer bees (D:8)
  2 electric eels (Lair:1)
  3 howler monkeys (D:7)
  A centaur zombie (Ossuary)
  2 hounds
  2 lava snakes (Volcano)
  A jelly (D:6)
  2 human zombies (Ossuary)
  20 orc priests
  10 iguanas
  3 orc wizards
  3 mummies
  10 gnolls
  4 adders
  2 shadow imps (D:7)
  A white imp (D:7)
  2 worms (D:1)
  2 dart slugs (D:2)
  57 orcs
  8 bats
  6 endoplasms
  5 giant cockroaches
  2 gnoll zombies (Ossuary)
  12 goblins
  7 hobgoblins
  2 jackals (D:2)
  10 kobolds
  2 quokkas (D:1)
  8 ball pythons
  26 frilled lizards
  2 goblin zombies (Ossuary)
  A hobgoblin zombie (Ossuary)
  4 orc zombies (Ossuary)
  10 rats
503 creatures vanquished.

Notes
Turn   | Place    | Note
-------+----------+-------------------------------------------
     0 | D:1      | thromnambular the Ogre Gladiator began the quest for the
                  | Orb.
     0 | D:1      | Reached XP level 1. HP: 22/22 MP: 1/1
    82 | D:1      | Found Puasy's Antique Weapon Emporium.
    88 | D:1      | Reached skill level 3 in Fighting
    88 | D:1      | Reached XP level 2. HP: 30/31 MP: 2/2
   237 | D:1      | Reached XP level 3. HP: 30/37 MP: 3/3
   859 | D:1      | Identified a scroll of acquirement
   859 | D:1      | Acquired the scarf "Sigympug" {repulsion, rC+ rCorr}
   998 | D:2      | Reached XP level 4. HP: 46/46 MP: 4/4
  1607 | D:3      | Found a shadowy altar of Dithmenos.
  1635 | D:3      | Noticed an ice beast
  1758 | D:1      | Bought a runed whip for 93 gold pieces
  1848 | D:3      | Noticed Grinder
  1848 | D:3      | Paralysed by Grinder for 2 turns
  1853 | D:3      | Gained mutation: You have a pair of small horns on your
                  | head. [potion of mutation]
  1853 | D:3      | Gained mutation: Your muscles are strong. (Str +4, Int/Dex
                  | -1) [potion of mutation]
  1853 | D:3      | Gained mutation: You occasionally lose the ability to read
                  | scrolls when taking damage. [potion of mutation]
  1853 | D:3      | Gained mutation: You are somewhat resistant to further
                  | mutation. [potion of mutation]
  1873 | D:3      | Killed Grinder
  1874 | D:3      | Reached skill level 4 in Fighting
  1874 | D:3      | Reached XP level 5. HP: 36/55 MP: 5/5
  1874 | D:3      | Reached XP level 6. HP: 43/65 MP: 6/6
  2015 | D:3      | Killed an ice beast
  2016 | D:3      | Reached skill level 5 in Fighting
  2016 | D:3      | Reached skill level 5 in Maces & Flails
  2058 | D:3      | Found a radiant altar of Vehumet.
  2064 | D:3      | Found a glowing silver altar of Zin.
  2314 | D:3      | Found a faded altar of an unknown god.
  2505 | D:3      | Found a basalt altar of Yredelemnul.
  2505 | D:3      | Found an ornate altar of the Wu Jian Council.
  2627 | D:4      | Reached XP level 7. HP: 47/72 MP: 7/7
  2837 | D:4      | Found a staircase to the Ecumenical Temple.
  2848 | Temple   | Entered the Ecumenical Temple
  2881 | Temple   | Became a worshipper of Uskayaw the Reveller
  3001 | D:4      | Reached * piety under Uskayaw
  3039 | D:4      | Identified the ring of the Purple Skies {*Slow Will+ EV+5
                  | Str+3 Int-4 Dex+8}
  3067 | D:4      | Reached ** piety under Uskayaw
  3364 | D:4      | Found a blossoming altar of Fedhas.
  3378 | D:4      | Reached skill level 6 in Fighting
  3728 | D:5      | Entered Level 5 of the Dungeon
  3748 | D:4      | Reached XP level 8. HP: 52/84 MP: 8/8
  3909 | D:5      | Found a sand-covered staircase.
  3921 | D:5      | Learned a level 2 spell: Lesser Beckoning
  3922 | Ossuary  | Entered an ossuary
  3973 | Ossuary  | Reached skill level 5 in Dodging
  3982 | Ossuary  | Reached *** piety under Uskayaw
  4004 | Ossuary  | Reached **** piety under Uskayaw
  4014 | Ossuary  | Reached ***** piety under Uskayaw
  4290 | D:5      | Reached skill level 7 in Fighting
  4317 | D:5      | Noticed a hornet
  4327 | D:5      | Killed a hornet
  4353 | D:5      | Noticed Blork the orc
  4712 | D:5      | Reached skill level 1 in Spellcasting
  4712 | D:5      | Reached XP level 9. HP: 78/96 MP: 10/10
  4789 | D:5      | Found a shimmering altar of Xom.
  5036 | D:6      | Noticed Sigmund
  5041 | D:6      | Killed Sigmund
  5233 | D:6      | Found a shimmering blue altar of Sif Muna.
  5291 | D:6      | Found a white marble altar of Elyvilon.
  6049 | D:7      | Reached skill level 10 in Maces & Flails
  6391 | D:7      | Reached skill level 8 in Fighting
  6407 | D:7      | Reached skill level 1 in Invocations
  6667 | D:7      | Reached XP level 10. HP: 80/101 MP: 12/12
  6839 | D:8      | Found a staircase to the Lair.
  6958 | D:8      | Learned a level 3 spell: Confusing Touch
  7683 | D:8      | Found an iron altar of Okawaru.
  7778 | D:8      | You fall into a shaft and drop 3 floors!
  7816 | D:10     | Entered Level 10 of the Dungeon
  7816 | D:10     | Found a staircase to the Orcish Mines.
  7850 | D:10     | Found Ontac's Weapon Emporium.
  7888 | D:10     | Killed an unseen horror
  8141 | D:10     | Reached skill level 9 in Fighting
  8379 | D:9      | Noticed a deep elf pyromancer
  8384 | D:9      | Killed a deep elf pyromancer
  8428 | D:9      | Reached skill level 10 in Fighting
  8739 | D:9      | Noticed a kobold demonologist
  8754 | D:9      | Killed a kobold demonologist
  8755 | D:9      | Reached skill level 5 in Invocations
  8755 | D:9      | Reached XP level 11. HP: 117/117 MP: 14/14
  8758 | D:9      | Found an ancient bone altar of Kikubaaqudgha.
  9015 | D:9      | Found Dussef's Weapon Shoppe.
  9256 | Lair:1   | Entered Level 1 of the Lair of Beasts
  9820 | D:10     | Noticed a soul eater
  9898 | Orc:1    | Entered Level 1 of the Orcish Mines
 10190 | D:10     | Bought the +9 battleaxe "Zaoraozu" {distort, rC+ Stlth+}
                  | for 936 gold pieces
 10252 | Lair:1   | Reached skill level 11 in Fighting
 10304 | Lair:1   | Reached skill level 1 in Axes
 10307 | Lair:1   | Reached skill level 1 in Armour
 10694 | Lair:1   | Reached skill level 12 in Fighting
 10754 | Lair:1   | Reached XP level 12. HP: 131/132 MP: 15/15
 10936 | Lair:1   | Noticed a boulder beetle
 10941 | Lair:1   | Banished a boulder beetle
 10992 | Lair:1   | Reached skill level 5 in Axes
 10995 | Lair:1   | Identified the +0 steam dragon scales of Dyspraxia {Will+
                  | Dex+7}
 11094 | Lair:1   | Reached skill level 13 in Fighting
 11340 | Lair:2   | Reached skill level 5 in Armour
 11398 | Lair:2   | Noticed a five-headed hydra
 11793 | Lair:3   | Reached skill level 14 in Fighting
 11793 | Lair:3   | Reached XP level 13. HP: 97/146 MP: 17/17
 12229 | Lair:2   | Found a staircase to the Snake Pit.
 12877 | Lair:4   | Found a staircase to the Slime Pits.
 13173 | Lair:4   | Found a dark tunnel.
 13178 | Volcano  | Entered a volcano
 14249 | Lair:5   | Entered Level 5 of the Lair of Beasts
 14641 | Lair:5   | Reached skill level 15 in Fighting
 15096 | Lair:5   | Reached skill level 1 in Hexes
 15582 | Lair:5   | Noticed Kirke
 15771 | Lair:5   | Banished Kirke
 15772 | Lair:5   | Reached XP level 14. HP: 153/159 MP: 20/20
 16679 | Orc:1    | Noticed Harold
 16684 | Orc:1    | Noticed Erolcha
 16688 | Orc:1    | Killed Harold
 16757 | Orc:1    | Killed Erolcha
 17289 | Orc:1    | Reached skill level 16 in Fighting
 17456 | Orc:2    | Entered Level 2 of the Orcish Mines
 17694 | Orc:2    | Found Wepp's General Store.
 17702 | Orc:2    | Found Osymal's Magic Scroll Shop.
 17730 | Orc:2    | Bought a scroll of blinking for 97 gold pieces
 17730 | Orc:2    | Bought a scroll of enchant weapon for 97 gold pieces
 17730 | Orc:2    | Bought a scroll of teleportation for 39 gold pieces
 17730 | Orc:2    | Bought a scroll of enchant weapon for 97 gold pieces
 18170 | Orc:2    | Mangled by an orc knight

Illustrated notes

Levels and vault maps discovered:
D:1:      mrwooster_arrival_statue, layout_basic, serial_shops, shop,
          nicolae_wormholes
D:2:      layout_basic
D:3:      layout_basic, grunt_dithmenos_smoke_and_mirrors,
          nicolae_overflow_hidden_temple, shapermc_ecumenical_altar_acropolis,
          uniq_grinder
D:4:      layout_loops_ring, fedhas_altar_1, minmay_temple_entry_proselytizer
D:5:      layout_cave_pools, xom_teletrap_fun, gup_ossuary_entry_pyramid,
          minmay_gold_behind_fungi, uniq_blork_the_orc
D:6:      layout_rooms, kennysheep_mini_moat, elyvilon_altar_3, uniq_sigmund
D:7:      layout_basic
D:8:      kennysheep_six_static_rooms, layout_basic, old_standard_altar,
          lair_entry_dummy
D:9:      layout_roguey, kiku_gazebo_garden_becter, serial_shops, shop,
          guppyfry_early_elven_hall
D:10:     layout_rooms, orc_0_dummy, serial_shops, nicolae_shop_statue_plus
D:11:     layout_long_grid
Temple:   minmay_temple_curvy_loop
Lair:1:   lemuel_reptile_caves, layout_hall_layers, serial_bayou_pond_d,
          hellmonk_guarded_unrand_zhor
Lair:2:   layout_small_grid, shoals_dummy_entry, guppyfry_snake_entry_island
Lair:3:   layout_roguey
Lair:4:   layout_loops_ring, slime_entry_1, enter_volcano_4,
          serial_bayou_shore_b, infiniplex_staircase_pool, serial_bayou_shore_a
Lair:5:   minmay_lair_end_enchanted_forest, layout_long_grid,
          infiniplex_staircase_pool_2, lemuel_fruit_tree, uniq_kirke
Orc:1:    layout_diamond_mine, uniq_erolcha, uniq_harold
Orc:2:    pf_orc_diabolical, layout_caves, serial_shops,
          nicolae_shop_real_fake_doors

Skill      XL: |  1  2  3  4  5  6  7  8  9 10 11 12 13 14 |
---------------+-------------------------------------------+-----
Fighting       | 3 4 5 6 7 8 10 12 14 15 16 | 16.3
Maces & Flails | 3 4 5 6 7 10 11 12 | 12.5
Dodging        | 3 4 5 6 7 |  7.5
Spellcasting   | 1 |  1.5
Invocations    | 1 5 6 8 |  8.0
Axes           | 3 6 8 9 |  9.8
Armour         | 3 5 7 |  7.2
Hexes          | 2 4 |  4.3
Throwing       | |  2.0

Action                     |  1- 3 |  4- 6 |  7- 9 | 10-12 | 13-15 || total
---------------------------+-------+-------+-------+-------+-------++-------
  Melee: Flail             |   112 |    99 |   114 |       |       ||   325
         Headbutt          |       |    10 |    50 |    60 |    63 ||   183
         Giant club        |       |       |   111 |   116 |       ||   227
         Punch             |       |       |     4 |       |       ||     4
         Battleaxe         |       |       |       |   177 |   341 ||   518
         Giant spiked club |       |       |       |    38 |       ||    38
  Throw: Throwing net      |       |     2 |     6 |     1 |     1 ||    10
         Large rock        |       |       |       |     2 |       ||     2
  Evoke: Wand              |       |       |     4 |     3 |     8 ||    15
    Use: Scroll            |     3 |     5 |     6 |    11 |    13 ||    38
         Potion            |       |     1 |     2 |     5 |     8 ||    16
   Stab: Sleeping          |       |     1 |       |     2 |     6 ||     9
         Paralysed         |       |       |     3 |    32 |    38 ||    73
         Held in net/web   |       |       |     1 |     1 |       ||     2
         Distracted        |       |       |       |       |     2 ||     2
 Armour: Robe              |    43 |    27 |    33 |    29 |       ||   132
         Troll leather arm |       |       |       |    13 |       ||    13
         Steam dragon scal |       |       |       |    15 |    64 ||    79
  Dodge: Dodged            |    76 |    40 |    86 |   159 |   190 ||   551
         Repelled          |     1 |       |     1 |       |     4 ||     6
  Block: Other             |       |    13 |    44 |    75 |    65 ||   197
         Reflection        |       |       |       |     2 |     1 ||     3
